 Dungeon Crawl Stone Soup version 0.29-a0-557-g43b9904bd1 (webtiles) character file.

Game seed: 17696189526339993489

6917 jimonade the Thaumaturge (level 11, -2/81 HPs)
             Began as a Gnoll Hedge Wizard on May 24, 2022.
             Was an Elder of Okawaru.
             Slain by an eight-headed hydra (9 damage)
             ... on level 13 of the Dungeon on June 9, 2022.
             The game lasted 00:45:47 (15149 turns).

jimonade the Thaumaturge (Gnoll Hedge Wizard)      Turns: 15149, Time: 00:45:49

Health: -2/81      AC:  9    Str: 25    XL:     11   Next: 7%
Magic:  0/24       EV: 12    Int: 18    God:    Okawaru [****..]
Gold:   507        SH: 14    Dex: 15    Spells: 14/28 levels left

rFire   + . .      SeeInvis .   Q - +12 dagger "Xoklod" {flame, rF+ Int+4 Dex+3}
rCold   . . .      Faith    .   I - +0 tower shield
rNeg    . . .      Spirit   +   a - +1 leather armour {rPois}
rPois   +          Reflect  .   K - +1 helmet
rElec   .          Harm     .   (no cloak)
rCorr   .          Rampage  .   O - +0 pair of gloves
Will    .....                   m - +0 pair of boots
Stlth   +++.......              U - amulet of guardian spirit
HPRegen 0.23/turn               i - +6 ring of strength
MPRegen 0.19/turn               W - +6 ring of strength

@: about to teleport
A: fangs 1, strong nose, distributed training
a: Renounce Religion, Heroism, Finesse


You were on level 13 of the Dungeon.
You worshipped Okawaru.
Okawaru was greatly pleased with you.
You visited 2 branches of the dungeon, and saw 13 of its levels.

You collected 507 gold pieces.

Inventory:

Hand Weapons
 r - a +5 spear
 t - a +2 dagger of venom
 H - a +4 scimitar
 M - a +0 hand crossbow of flaming
 Q - the +12 dagger "Xoklod" (weapon) {flame, rF+ Int+4 Dex+3}
   (You took it off an orc on level 5 of the Dungeon)

   It burns those it strikes, dealing additional fire damage.
   Int:       It affects your intelligence (+4).
   Dex:       It affects your dexterity (+3).
   rF:        It protects you from fire.
 Y - a +2 battleaxe
Missiles
 n - 36 poisoned darts
 p - 8 boomerangs (quivered)
 N - 6 boomerangs of dispersal
 R - 3 throwing nets
Armour
 a - a +1 leather armour of poison resistance (worn)
 m - a +0 pair of boots (worn)
 I - a +0 tower shield (worn)
 K - a +1 helmet (worn)
 O - a +0 pair of gloves (worn)
Magical Staves
 e - a staff of cold
Jewellery
 i - a +6 ring of strength (left hand)
 y - a ring of magical power
 C - a ring of resist corrosion
 E - an amulet of magic regeneration
 U - an amulet of guardian spirit (around neck)
 V - a ring of fire
 W - a +6 ring of strength (right hand)
Wands
 b - a wand of paralysis (3)
 D - a wand of iceblast (43)
 P - a wand of flame (32)
 X - a wand of acid (6)
Scrolls
 f - 11 scrolls of identify
 h - 2 scrolls of fog
 j - 3 scrolls of fear
 l - a scroll of noise {unknown}
 q - 3 scrolls of blinking
 s - a scroll of magic mapping
 w - a scroll of enchant weapon
 F - a scroll of poison
 S - a scroll of brand weapon
 Z - 2 scrolls of enchant armour
Potions
 c - a potion of might {unknown}
 d - 2 potions of magic
 g - a potion of berserk rage {unknown}
 k - 4 potions of flight
 o - 3 potions of brilliance {unknown}
 u - a potion of resistance {unknown}
 x - a potion of attraction {unknown}
 z - 5 potions of curing
 A - a potion of invisibility {unknown}
 B - 2 potions of ambrosia
 G - a potion of lignification {unknown}
 J - 2 potions of cancellation {unknown}
 T - a potion of heal wounds {unknown}


   Skills:
 + Level 5.9 Fighting
 + Level 5.9 Short Blades
 + Level 5.9 Long Blades
 + Level 5.9 Axes
 + Level 5.9 Maces & Flails
 + Level 5.9 Polearms
 + Level 5.9 Staves
 + Level 5.9 Slings
 + Level 5.9 Bows
 + Level 5.9 Crossbows
 + Level 5.9 Throwing
 + Level 5.9 Armour
 + Level 7.5 Dodging
 + Level 7.3 Stealth
 + Level 5.9 Shields
 + Level 5.9 Unarmed Combat
 + Level 9.4 Spellcasting
 + Level 5.4 Conjurations
 + Level 4.9 Hexes
 + Level 5.4 Summonings
 + Level 4.9 Necromancy
 + Level 5.4 Translocations
 + Level 4.9 Transmutations
 + Level 4.9 Fire Magic
 + Level 4.9 Ice Magic
 + Level 4.9 Air Magic
 + Level 4.9 Earth Magic
 + Level 4.9 Poison Magic
 + Level 6.5 Invocations
 + Level 5.9 Evocations


You had 14 spell levels left.
You knew the following spells:

 Your Spells              Type           Power      Damage    Failure   Level
a - Magic Dart            Conj           100%       1d8       10%         1
b - Blink                 Tloc           54%        N/A       16%         2
c - Call Imp              Summ           27%        N/A       16%         2
d - Slow                  Hex            100%       N/A       12%         1
e - Conjure Flame         Conj/Fire      27%        6-21      32%         3
f - Mephitic Cloud        Conj/Pois/Air  26%        N/A       34%         3
g - Searing Ray           Conj           54%        2d6       16%         2

Your spell library contained the following spells:

 Spells                   Type           Power      Damage    Failure   Level
 Apportation              Tloc           54%        N/A       10%         1
 Portal Projectile        Hex/Tloc       54%        N/A       32%         3
 Confusing Touch          Hex            26%        N/A       36%         3
 Vampiric Draining        Necr           26%        2d7       36%         3
 Fulminant Prism          Conj/Hex       13%        3d9       73%         4
 Corpse Rot               Necr/Pois/Air  26%        N/A       77%         4
 Dispel Undead            Necr           26%        3d13      77%         4
 Leda's Liquefaction      Hex/Erth       13%        N/A       77%         4
 Alistair's Intoxication  Tmut/Pois      17%        N/A       98%         5
 Borgnjor's Vile Clutch   Necr/Erth      13%        N/A       98%         5
 Eringya's Noxious Bog    Tmut/Pois      13%        N/A       100%        6
 Call Canine Familiar     Summ           Unusable   N/A       N/A         3
 Death Channel            Necr           Unusable   N/A       N/A         6

Dungeon Overview and Level Annotations

Branches:
Dungeon (13/15)            Temple (1/1) D:5             Orc (0/2) D:10
   Lair: D:8-11      Vaults: D:13-14

Altars:
Cheibriados
Dithmenos
Elyvilon
Fedhas
Gozag
Hepliaklqana
Kikubaaqudgha
Makhleb
Okawaru
Qazlal
Ru
Sif Muna
Trog
Uskayaw
Vehumet
Wu Jian
Xom
Yredelemnul
Zin
The Shining One

Shops:
D:6 =

Annotations:
D:1 exclusion: downstairs
D:6 1 runed translucent door, Sabo's ghost, novice OpTm
D:13 exclusion: upstairs


Innate Abilities, Weirdness & Mutations

You have very sharp teeth.
Your uncanny sense of smell can sniff out nearby items.
Your experience applies equally to all skills.


Message History

The eight-headed hydra misses you.
You block the eight-headed hydra's attack. x2
You barely miss the eight-headed hydra.
The eight-headed hydra is heavily wounded.
The eight-headed hydra bites you but does no damage.
The eight-headed hydra barely misses you.
The eight-headed hydra bites you! x2; The eight-headed hydra bites you.
You block the eight-headed hydra's attack.
The eight-headed hydra bites you.
The eight-headed hydra bites you but does no damage.
The eight-headed hydra attacks as you move away!
The eight-headed hydra bites you but does no damage.
The eight-headed hydra barely misses you.
You block the eight-headed hydra's attack.
The eight-headed hydra bites you.
* * * LOW HITPOINT WARNING * * *
The eight-headed hydra bites you but does no damage.
You block the eight-headed hydra's attack.
The eight-headed hydra bites you.
* * * LOW HITPOINT WARNING * * *
The eight-headed hydra closely misses you.
Okay, then.
As you read the scroll of teleportation, it crumbles to dust.
You feel strangely unstable.
You block the eight-headed hydra's attack.
The eight-headed hydra closely misses you.
The eight-headed hydra barely misses you.
The eight-headed hydra closely misses you.
You block the eight-headed hydra's attack.
The eight-headed hydra bites you!
* * * LOW HITPOINT WARNING * * *
The eight-headed hydra bites you but does no damage.
The eight-headed hydra completely misses you.
The eight-headed hydra attacks as you move away!
The eight-headed hydra bites you but does no damage.
You block the eight-headed hydra's attack.
The eight-headed hydra bites you.
* * * LOW HITPOINT WARNING * * *
The eight-headed hydra bites you!
You die...

#######..#.####.....#
#. #...#......#####
#.
####.######........#.
#....>.####.######...
#...........# ##.
#............ ...
#......###### ##.
#......# #. ####@###
#. . #D# #. ...
##.###### .$.
.....####.........
### #.......#######
........##.#
#####......#
......... ####.#.....


You could see an eight-headed hydra.

Vanquished Creatures
  A two-headed ogre (D:8)
  A troll (D:10)
  A slime creature (D:13)
  A shadow (D:9)
  Sigmund (D:2)
  A water moccasin (D:7)
  5 ice beasts
  3 sky beasts
  A black bear (D:8)
  5 ogres
  9 orc warriors
  4 centaurs
  6 kobold brigands
  2 bullfrogs (D:6)
  2 gnoll sergeants
  2 scorpions
  A necrophage (D:7)
  18 wights
  5 howler monkeys
  6 orc priests
  4 jellies
  2 hounds
  3 iguanas
  12 orc wizards
  15 gnolls
  12 adders
  A shadow imp (D:5)
  A white imp (D:6)
  An ufetubus (D:6)
  2 worms
  6 dart slugs
  54 orcs
  4 bats
  8 endoplasms
  2 giant cockroaches
  9 goblins
  8 hobgoblins
  3 jackals (D:5)
  25 kobolds
  6 quokkas
  4 ball pythons
  5 frilled lizards
  7 rats
269 creatures vanquished.

Vanquished Creatures (collateral kills)
  An orc (D:5)
1 creature vanquished.

Vanquished Creatures (others)
  2 fungi (D:3)
2 creatures vanquished.

Grand Total: 272 creatures vanquished

Notes
Turn   | Place    | Note
-------+----------+-------------------------------------------
     0 | D:1      | jimonade the Gnoll Hedge Wizard began the quest for the
                  | Orb.
     0 | D:1      | Reached XP level 1. HP: 13/13 MP: 8/8
   510 | D:1      | Reached XP level 2. HP: 19/19 MP: 7/10
  1281 | D:1      | Reached XP level 3. HP: 25/25 MP: 9/11
  1284 | D:1      | Learned a level 2 spell: Blink
  1287 | D:1      | Learned a level 2 spell: Call Imp
  1289 | D:1      | Learned a level 1 spell: Slow
  1627 | D:2      | Reached skill level 1 in Invocations
  1631 | D:2      | Noticed Sigmund
  2064 | D:2      | Reached skill level 1 in Fighting
  2064 | D:2      | Reached skill level 1 in Short Blades
  2064 | D:2      | Reached skill level 1 in Long Blades
  2064 | D:2      | Reached skill level 1 in Axes
  2064 | D:2      | Reached skill level 1 in Maces & Flails
  2064 | D:2      | Reached skill level 1 in Polearms
  2064 | D:2      | Reached skill level 1 in Staves
  2064 | D:2      | Reached skill level 1 in Slings
  2064 | D:2      | Reached skill level 1 in Bows
  2064 | D:2      | Reached skill level 1 in Crossbows
  2064 | D:2      | Reached skill level 1 in Throwing
  2064 | D:2      | Reached skill level 1 in Armour
  2064 | D:2      | Reached skill level 1 in Shields
  2064 | D:2      | Reached skill level 1 in Unarmed Combat
  2064 | D:2      | Reached skill level 1 in Evocations
  2107 | D:2      | Reached XP level 4. HP: 32/32 MP: 4/13
  2341 | D:2      | Reached skill level 1 in Hexes
  2341 | D:2      | Reached skill level 1 in Necromancy
  2341 | D:2      | Reached skill level 1 in Transmutations
  2341 | D:2      | Reached skill level 1 in Fire Magic
  2341 | D:2      | Reached skill level 1 in Ice Magic
  2341 | D:2      | Reached skill level 1 in Air Magic
  2341 | D:2      | Reached skill level 1 in Earth Magic
  2341 | D:2      | Reached skill level 1 in Poison Magic
  3491 | D:2      | Killed Sigmund
  3492 | D:2      | Reached XP level 5. HP: 38/38 MP: 10/14
  3492 | D:2      | Reached XP level 6. HP: 44/44 MP: 11/16
  4073 | D:3      | Learned a level 3 spell: Conjure Flame
  4077 | D:3      | Learned a level 3 spell: Mephitic Cloud
  4220 | D:3      | Reached skill level 5 in Dodging
  4955 | D:3      | Found a faded altar of an unknown god.
  5430 | D:4      | Reached XP level 7. HP: 42/50 MP: 13/18
  6389 | D:4      | Learned a level 2 spell: Searing Ray
  6597 | D:4      | Upgraded the game from 0.29-a0-477-g62b78b4225 to
                  | 0.29-a0-483-g69413ace17
  6608 | D:5      | Entered Level 5 of the Dungeon
  6625 | D:5      | Reached skill level 5 in Stealth
  6868 | D:5      | Found a shadowy altar of Dithmenos.
  7188 | D:5      | Reached XP level 8. HP: 43/57 MP: 19/19
  7351 | D:5      | Identified the +12 dagger "Xoklod" {flame, rF+ Int+4 Dex+3}
  7778 | D:5      | Found a staircase to the Ecumenical Temple.
  7884 | Temple   | Entered the Ecumenical Temple
  8078 | Temple   | Became a worshipper of Warmaster Okawaru
  8696 | D:6      | Reached skill level 8 in Spellcasting
  8715 | D:6      | Reached * piety under Okawaru
  8881 | D:6      | Reached XP level 9. HP: 60/65 MP: 13/21
  9315 | D:6      | Found a runed translucent door.
  9566 | D:6      | Noticed Sabo's ghost (novice OpTm)
  9607 | D:6      | Found Agebli Jack's Jewellery Shoppe.
  9770 | D:6      | Reached ** piety under Okawaru
 10352 | D:6      | Reached skill level 5 in Invocations
 10770 | D:7      | Reached *** piety under Okawaru
 10771 | D:7      | Reached XP level 10. HP: 73/73 MP: 20/22
 11511 | D:8      | Found a basalt altar of Yredelemnul.
 11571 | D:8      | Found an opulent altar of Gozag.
 11583 | D:8      | Reached skill level 5 in Fighting
 11583 | D:8      | Reached skill level 5 in Short Blades
 11583 | D:8      | Reached skill level 5 in Long Blades
 11583 | D:8      | Reached skill level 5 in Axes
 11583 | D:8      | Reached skill level 5 in Maces & Flails
 11583 | D:8      | Reached skill level 5 in Polearms
 11583 | D:8      | Reached skill level 5 in Staves
 11583 | D:8      | Reached skill level 5 in Slings
 11583 | D:8      | Reached skill level 5 in Bows
 11583 | D:8      | Reached skill level 5 in Crossbows
 11583 | D:8      | Reached skill level 5 in Throwing
 11583 | D:8      | Reached skill level 5 in Armour
 11583 | D:8      | Reached skill level 5 in Shields
 11583 | D:8      | Reached skill level 5 in Unarmed Combat
 11583 | D:8      | Reached skill level 5 in Evocations
 11655 | D:8      | Noticed a two-headed ogre
 11680 | D:8      | Killed a two-headed ogre
 12038 | D:8      | Reached skill level 9 in Spellcasting
 12194 | D:8      | Upgraded the game from 0.29-a0-483-g69413ace17 to
                  | 0.29-a0-490-g77b3608bb8
 12416 | D:8      | Upgraded the game from 0.29-a0-490-g77b3608bb8 to
                  | 0.29-a0-557-g43b9904bd1
 12466 | D:8      | Reached **** piety under Okawaru
 12490 | D:8      | Reached skill level 5 in Conjurations
 12490 | D:8      | Reached skill level 5 in Summonings
 12490 | D:8      | Reached skill level 5 in Translocations
 13899 | D:10     | Entered Level 10 of the Dungeon
 14158 | D:10     | Received a gift from Okawaru
 14305 | D:10     | Noticed a two-headed ogre
 14570 | D:10     | Found a staircase to the Orcish Mines.
 14627 | D:10     | Reached XP level 11. HP: 28/81 MP: 9/24
 14877 | D:10     | You fall into a shaft and drop 3 floors!
 14962 | D:12     | Noticed a skeletal warrior
 14962 | D:12     | Noticed a skeletal warrior
 14962 | D:12     | Noticed a skeletal warrior
 14962 | D:12     | Noticed a skeletal warrior
 14962 | D:12     | Noticed a skeletal warrior
 15009 | D:13     | Found a sacrificial altar of Ru.
 15140 | D:13     | Noticed an eight-headed hydra
 15149 | D:13     | Slain by an eight-headed hydra

Illustrated notes

Levels and vault maps discovered:
D:1:      nagdon_arrival_double_spiral, layout_loops_corners
D:2:      layout_loops_cross, uniq_sigmund
D:3:      layout_loops_ring, shapermc_ecumenical_altar_hornbeckon
D:4:      layout_cave_pools
D:5:      layout_basic, mainiacjoe_overflow_brackets, temple_doors_e,
          kennysheep_generic_room_9
D:6:      layout_loops_ring, serial_shops, kennysheep_mini,
          ebering_ghost_sewer_d, minmay_misc_feat_cross
D:7:      layout_cave_pools, hex_medium
D:8:      layout_basic, general_overflow_altar,
          mainiacjoe_overflow_surrounded_room, corexii_leaking_fountain,
          minmay_door_square, blue_anna_alchemist
D:9:      layout_roguey
D:10:     layout_grid_maze, nicolae_overflow_hidden_temple,
          kennysheep_orc_monster_closet_entryway, uniq_amaemon
D:12:     layout_basic, serial_glass, glass_columns_a, glass_columns_a,
          glass_columns_a, glass_columns_b, glass_columns_a, glass_columns_c,
          minmay_circle_x
D:13:     layout_rooms, nicolae_ru_the_path_less_chosen
Temple:   minmay_crystal_spiral_temple

Skill      XL: |  1  2  3  4  5  6  7  8  9 10 |
---------------+-------------------------------+-----
Conjurations   | 2 3 4 5 |  5.4
Summonings     | 2 3 4 5 |  5.4
Translocations | 2 3 4 5 |  5.4
Invocations    | 1 2 3 4 5 6 |  6.5
Fighting       | 1 2 3 4 5 |  5.9
Short Blades   | 1 2 3 4 5 |  5.9
Long Blades    | 1 2 3 4 5 |  5.9
Axes           | 1 2 3 4 5 |  5.9
Maces & Flails | 1 2 3 4 5 |  5.9
Polearms       | 1 2 3 4 5 |  5.9
Staves         | 1 2 3 4 5 |  5.9
Slings         | 1 2 3 4 5 |  5.9
Bows           | 1 2 3 4 5 |  5.9
Crossbows      | 1 2 3 4 5 |  5.9
Throwing       | 1 2 3 4 5 |  5.9
Armour         | 1 2 3 4 5 |  5.9
Shields        | 1 2 3 4 5 |  5.9
Unarmed Combat | 1 2 3 4 5 |  5.9
Evocations     | 1 2 3 4 5 |  5.9
Hexes          | 1 2 3 4 |  4.9
Necromancy     | 1 2 3 4 |  4.9
Transmutations | 1 2 3 4 |  4.9
Fire Magic     | 1 2 3 4 |  4.9
Ice Magic      | 1 2 3 4 |  4.9
Air Magic      | 1 2 3 4 |  4.9
Earth Magic    | 1 2 3 4 |  4.9
Poison Magic   | 1 2 3 4 |  4.9
Dodging        | 5 6 7 |  7.5
Stealth        | 5 6 7 |  7.3
Spellcasting   | 8 9 |  9.4

Action                   |  1- 3 |  4- 6 |  7- 9 | 10-12 || total
-------------------------+-------+-------+-------+-------++-------
Melee: Dagger            |    14 |    52 |   218 |   300 ||   584
       Bite              |     1 |     5 |    23 |    32 ||    61
       Punch             |       |     2 |     6 |       ||     8
 Cast: Magic Dart        |    64 |   107 |    97 |     3 ||   271
       Call Imp          |       |     5 |     1 |       ||     6
       Searing Ray       |       |       |     7 |       ||     7
Evoke: Wand              |       |       |       |     2 ||     2
  Use: Scroll            |       |       |    13 |     4 ||    17
 Stab: Sleeping          |     4 |     1 |     3 |       ||     8
       Distracted        |       |       |     1 |     1 ||     2
       Paralysed         |       |       |       |     2 ||     2
Armor: Robe              |     3 |     7 |       |       ||    10
       Leather armour    |       |       |    75 |    16 ||    91
       Chain mail        |       |       |       |    58 ||    58
Dodge: Dodged            |    16 |    41 |   156 |    78 ||   291
Block: Tower shield      |       |       |       |   178 ||   178

Table legend: (Time is in decaauts)
 A = Elapsed time spent in this place.
 B = Non-inter-level travel time spent in this place.
 C = Inter-level travel time spent in this place.
 D = Time resting spent in this place.
 E = Time spent auto-exploring this place.
 F = Levels seen in this place.
 G = Mean time per level.
                   A        B        C        D        E       F      G
               +--------+--------+--------+--------+--------+-----+--------+
         Total |  15142 |  14611 |    531 |   2819 |   8631 |  13 | 1164.8 |
       Dungeon |  14928 |  14481 |    447 |   2819 |   8519 |  12 | 1244.0 |
        Temple |    213 |    129 |     84 |      0 |    112 |   1 |  213.0 |
               +--------+--------+--------+--------+--------+-----+--------+

Top non-repeatable levels by time:
     D:1: 2147 daAuts
     D:6: 1930 daAuts
     D:2: 1852 daAuts
     D:4: 1724 daAuts
     D:8: 1450 daAuts
     D:5: 1429 daAuts
     D:3: 1320 daAuts
     D:9: 1082 daAuts
    D:10: 969 daAuts
     D:7: 750 daAuts
    D:13: 270 daAuts
  Temple: 213 daAuts
    D:12: 1 daAuts
